 Dungeon Sprint DCSS version 0.31-a0-496-g6f97920a28 (webtiles) character file.

Game seed: 9394087865492643571

62 Midn8 the Ruffian (level 4, -4/31 HPs)
             Began as a Gargoyle Gladiator on Aug 8, 2023.
             Slain by a necrophage (6 damage)
             ... in the Dungeon (Sprint II: "The Violet Keep of Menkaure").
             The game lasted 00:00:24 (26 turns).

Midn8 the Ruffian (Gargoyle Gladiator)                Turns: 26, Time: 00:00:24

Health: -4/31      AC:  7    Str: 20    XL:     4   Next: 8%
Magic:  4/4        EV: 12    Int:  8    God:
Gold:   0          SH:  0    Dex: 11    Spells: 3/3 levels left

rFire   . .          .
                       - Unarmed
rCold   . . .        (no shield)
rNeg    + . .        a - +0 leather armour
rPois   ∞            b - +0 helmet
rElec   +            (no cloak)
rCorr   .            (no gloves)
SInv    .            (no boots)
Will    .....        (no amulet)
Stlth   +            (no ring)
HPRegen 0.25/turn    (no ring)
MPRegen 0.09/turn

%: no teleportation
@: no status effects
A: sickness immunity, AC +3, negative energy resistance 1, electricity
resistance, torment resistance 1, petrification resistance
a: no special abilities


You were in the Dungeon.
You visited 1 branch

Inventory:

Missiles
 d - a javelin
Armour
 a - a +0 leather armour (worn)
 b - a +0 helmet (worn)
Scrolls
 j - a scroll of blinking
Potions
 e - a potion of curing
 f - a potion of heal wounds
 g - a potion of haste
 h - 2 potions of magic
 i - a potion of berserk rage


   Skills:
 + Level 5.2 Fighting
 - Level 1.7 Throwing
 - Level 2.4 Dodging
 * Level 6.8 Unarmed Combat


You had 3 spell levels left.
You didn't know any spells.
Your spell library was empty.

Dungeon Overview and Level Annotations

Branches:
Dungeon (1/1)

Altars:


Innate Abilities, Weirdness & Mutations

You are immune to sickness and miasma.
Your stone body is resilient. (AC +3)
You are immune to poison.
You resist negative energy. (rN+)
You are resistant to electric shocks. (rElec)
You are resistant to unholy torment.
You are immune to petrification.


Message History

You hit the necrophage but do no damage.
The necrophage is severely damaged.
The necrophage hits you but does no damage.
You barely miss the necrophage. You punch the necrophage.
The necrophage is almost destroyed.
You hit the necrophage.
You destroy the necrophage!
Your Fighting skill gained 3 levels and is now at level 5!
Your Unarmed Combat skill gained 3 levels and is now at level 6!
You have reached level 2!
You have reached level 3!
Your experience leads to an increase in your attributes!
Increase (S)trength, (I)ntelligence, or (D)exterity?
You feel stronger. x2
You have reached level 4!
You feel stronger.
Throw: throwing net
Press: ? - help, Q - select action, (/) - cycle Shift-Dir - straight line, f - necrophage
Aim: a necrophage (54% to hit)
You throw a throwing net.
The throwing net barely misses the necrophage.
The throwing net hits the necrophage.
The necrophage is caught in the net!
The necrophage hits you.
* * * LOW HITPOINT WARNING * * *
The necrophage struggles against the net.
Unknown command.
Unknown command.
You hit the necrophage but do no damage.
The necrophage hits you.
* * * LOW HITPOINT WARNING * * *
The necrophage struggles against the net.
You hit the necrophage.
The necrophage is moderately damaged.
The necrophage hits you.
* * * LOW HITPOINT WARNING * * *
The necrophage struggles against the net.
You hit the necrophage.
The necrophage is moderately damaged.
The necrophage hits you.
You die...

# ##. #+#
#..n##.##
#nn@<.+
#...##.##
##. #+# #


You could see 3 necrophages.

Vanquished Creatures
  A necrophage (D)
1 creature vanquished.

Notes
Turn   | Place    | Note
-------+----------+-------------------------------------------
     0 | D        | Midn8 the Gargoyle Gladiator began the quest for the Orb.
     0 | D        | Reached XP level 1. HP: 12/12 MP: 1/1
     1 | D        | Noticed a necrophage
     1 | D        | Noticed a necrophage
     1 | D        | Noticed a necrophage
     1 | D        | Noticed a necrophage
    22 | D        | Killed a necrophage
    23 | D        | Reached skill level 5 in Fighting
    23 | D        | Reached skill level 6 in Unarmed Combat
    23 | D        | Reached XP level 2. HP: 6/21 MP: 2/2
    23 | D        | Reached XP level 3. HP: 8/26 MP: 3/3
    23 | D        | Reached XP level 4. HP: 9/31 MP: 4/4
    26 | D        | Slain by a necrophage

Illustrated notes

Levels and vault maps discovered:
D:        the_violet_keep_of_menkaure [sprint2_stairs_cluster_1,
          sprint2_shoproom, sprint2_temple, sprint2_basic_supplies,
          sprint2_obstacle_2, sprint2_obstacle_4, sprint2_obstacle_7,
          sprint2_obstacle_5, sprint2_obstacle_1, sprint2_timed_cluster_1,
          sprint2_smallroom_cluster_1, sprint2_smallroom_final_cluster_1,
          sprint2_transparent_cluster_1, sprint2_second_timed_cluster_1,
          sprint2_sniper_area_1, sprint2_heavy_combat_area_1,
          sprint2_mutation_trap_area_1, sprint2_forest_area_1,
          sprint2_light_combat_area_1, sprint2_behind_water_1,
          sprint2_near_end_vault_1]

Skill      XL: |  1 |
---------------+----+-----
Fighting       | 5 |  5.2
Unarmed Combat | 6 |  6.8
Throwing       | |  1.7
Dodging        | |  2.4

Action                     |  1- 3 |  4- 6 || total
---------------------------+-------+-------++-------
  Melee: Unarmed           |    18 |     3 ||    21
         Punch             |     1 |       ||     1
  Throw: Throwing net      |     2 |     1 ||     3
 Armour: Leather armour    |     6 |       ||     6
  Dodge: Dodged            |     5 |       ||     5

Table legend: (Time is in decaauts)
 A = Elapsed time spent in this place.
 B = Non-inter-level travel time spent in this place.
 C = Inter-level travel time spent in this place.
 D = Time resting spent in this place.
 E = Time spent auto-exploring this place.
 F = Levels seen in this place.
 G = Mean time per level.
                   A        B        C        D        E       F      G
               +--------+--------+--------+--------+--------+-----+--------+
         Total |     24 |     24 |      0 |      0 |      0 |   1 |   24.0 |
       Dungeon |     24 |     24 |      0 |      0 |      0 |   1 |   24.0 |
               +--------+--------+--------+--------+--------+-----+--------+

Top non-repeatable levels by time:
       D: 24 daAuts
